 Dungeon Crawl Stone Soup version 0.19.1-1-g22dce08 (webtiles) character file.

4692 Vasya666 the Cleaver (level 10, -23/120 HPs)
             Began as a Human Fighter on Jan 15, 2017.
             Annihilated by theAP's ghost (27 damage)
             ... on level 8 of the Dungeon.
             The game lasted 00:27:52 (13171 turns).

Vasya666 the Cleaver (Human Fighter)               Turns: 13171, Time: 00:27:53

Health: -23/120    AC:  9    Str: 21    XL:     10   Next: 72%
Magic:  10/10      EV:  9    Int: 12    God:
Gold:   492        SH: 10    Dex: 13    Spells: 0 memorised, 9 levels left

rFire  . . .     SeeInvis +     a - +0 war axe
rCold  . . .     Gourm    .     b - +0 scale mail
rNeg   . . .     Faith    .     c - +0 shield
rPois  .         Spirit   .     (no helmet)
rElec  .         Reflect  .     (no cloak)
rCorr  .         Harm     .     (no gloves)
MR     .....                    N - +0 pair of boots
Stlth  ..........               n - amulet of rage
                                g - ring of see invisible
                                H - +1 ring of protection

@: berserking (expiring), drained, very quick
A: no striking features
a: Evoke Berserk Rage


You were on level 8 of the Dungeon.
You were not hungry.

You visited 2 branches of the dungeon, and saw 9 of its levels.
You also visited: Sewer and Ossuary.

You collected 492 gold pieces.

Inventory:

Hand Weapons
 a - a +0 war axe (weapon)
Armour
 b - a +0 scale mail (worn)
 c - a +0 shield (worn)
 N - a +0 pair of boots (worn)
Jewellery
 g - a ring of see invisible (right hand)
 k - a cursed ring of loudness {unknown}
 n - an amulet of rage (around neck)
 r - an uncursed amulet of faith
 z - an uncursed ring of magical power
 G - an uncursed ring of fire
 H - a +1 ring of protection (left hand)
Wands
 v - a wand of iceblast (3/15)
 y - a wand of confusion (48/48)
 L - a wand of confusion (27/48)
 M - a wand of flame (31/48)
Scrolls
 e - 4 scrolls of teleportation
 i - 2 scrolls of fog
 p - a scroll of blinking
 q - a scroll of remove curse
 s - 5 scrolls of identify
 A - a scroll of silence {unknown}
 D - a scroll of noise {unknown}
 E - a scroll of immolation {unknown}
 F - a scroll of summoning {unknown}
 P - a scroll of amnesia
Potions
 d - 8 potions of might
 h - 2 potions of lignification
 l - 3 potions of resistance
 o - 3 potions of ambrosia
 t - 7 potions of heal wounds
 u - a potion of invisibility {unknown}
 w - 12 potions of curing
 x - 2 potions of agility {unknown}
 B - 3 potions of brilliance {unknown}
 C - a potion of degeneration {unknown}
 K - 2 potions of flight {unknown}
Comestibles
 f - 9 bread rations
 j - 3 fruits
 m - 4 meat rations
 J - 6 slices of pizza


   Skills:
 * Level 7.7(7.6) Fighting
 * Level 11.0(10.9) Axes
 + Level 5.5(5.4) Armour
 + Level 3.3(3.2) Dodging
 + Level 0.4 Stealth
 + Level 5.3(5.2) Shields
 - Level 0.2(0.1) Evocations


You had 9 spell levels left.
You didn't know any spells.

Dungeon Overview and Level Annotations

Branches:
Dungeon (8/15)             Temple (1/1) D:7
   Lair: D:8-11

Altars:
Ashenzari
Cheibriados
Dithmenos
Elyvilon
Fedhas
Gozag
Hepliaklqana
Kikubaaqudgha
Makhleb
Qazlal
Ru
Sif Muna
Trog
Uskayaw
Vehumet
Xom
Yredelemnul
Zin
The Shining One

Annotations:
D:8 theAP's ghost, novice TrFi


Message History

You block theAP's ghost's attack.
You barely miss theAP's ghost.
TheAP's ghost is moderately damaged.
You block theAP's ghost's attack.
You hit theAP's ghost.
TheAP's ghost is moderately damaged.
You barely miss theAP's ghost.
TheAP's ghost is moderately damaged.
TheAP's ghost hits you!!
* * * LOW HITPOINT WARNING * * *
Your shield prevents you from hitting theAP's ghost.
TheAP's ghost is moderately damaged.
TheAP's ghost shrieks, "You will never get the ORB!"
You block theAP's ghost's attack.
Your shield and scale mail prevent you from hitting theAP's ghost.
TheAP's ghost is moderately damaged.
You barely miss theAP's ghost.
TheAP's ghost is moderately damaged.
TheAP's ghost hits you!!
You die...

..#####.# #...........####
.<...##.#
#####.#.........()((
#[##.##.#
#...#.#.........####
#.##.##.# #.#.#.#..######z#
#.##..#.#
####.#.#.#.........####
#.###.#.#
#...........#..###z#... #(#
#.#.# #....#.##).........#.#.
#.# #.#.#
#.......(.......##a#.#. #.#
#.#.# #....#@##............#.
#.# #.#.#
#....#W#.#.##..###)###. #.#
#.#)###.#.##.#...##....z[....
..#
#.#.#...#.##.#.####..#.##.##.
###
#.#.....#.##.........#.##.##.
#
#.###.#.#.##....#.#.##.......
#
#.#...#.#.##........z......##
#
#.#.#.#.#.##....######.....#
#
#.#...#.#.##....#...##.....#


You could see theAP's ghost.

Vanquished Creatures
  Prince Ribbit (D:6)
  A yak (D:7)
  A wyvern (D:8)
  A human (D:7)
  3 hogs (D:7)
  A hungry ghost (D:7)
  Menkaure (D:6)
  An orc warrior (D:8)
  3 sky beasts
  4 ogres
  A centaur (D:7)
  A crocodile (D:7)
  8 big kobolds
  2 bullfrogs (D:7)
  A scorpion (D:5)
  4 wights (D:8)
  A crimson imp (D:8)
  A bullfrog zombie (D:8)
  3 centaur zombies (Ossuary)
  4 hounds
  A jelly (D:7)
  3 orc priests
  A centaur skeleton (D:4)
  Ijyb (D:2)
  2 iguanas
  Terence (D:2)
  4 orc wizards
  7 worker ants
  2 ogre zombies (Ossuary)
  7 mummies (Ossuary)
  A hound skeleton (D:4)
  19 gnolls
  A howler monkey skeleton (D:6)
  16 adders
  7 river rats (Sewer)
  2 shadow imps (D:7)
  3 oozes
  4 adder zombies
  2 adder skeletons
  4 worms
  A dart slug (D:5)
  3 leopard geckos
  16 orcs
  12 giant cockroaches
  A gnoll zombie (Ossuary)
  37 goblins
  36 hobgoblins
  8 jackals
  3 quokkas
  3 ball pythons
  5 bats
  3 frilled lizards
  3 goblin zombies (Ossuary)
  4 hobgoblin zombies (Ossuary)
  A jackal skeleton (D:4)
  42 kobolds
  5 kobold zombies (Ossuary)
  A quokka skeleton (D:5)
  4 quokka zombies (Ossuary)
  21 rats
  5 rat zombies (Ossuary)
345 creatures vanquished.

Notes
Turn   | Place    | Note
-------+----------+-------------------------------------------
     0 | D:1      | Vasya666 the Human Fighter began the quest for the Orb.
     0 | D:1      | Reached XP level 1. HP: 18/18 MP: 1/1
    46 | D:1      | Reached XP level 2. HP: 9/24 MP: 2/2
   583 | D:1      | Reached XP level 3. HP: 29/29 MP: 3/3
  1477 | D:1      | Reached XP level 4. HP: 21/37 MP: 4/4
  1787 | D:2      | Noticed Ijyb
  1798 | D:2      | Killed Ijyb
  1801 | D:2      | Reached skill level 3 in Axes
  1810 | D:2      | Reached XP level 5. HP: 13/42 MP: 5/5
  2250 | D:2      | Noticed Terence
  2260 | D:2      | Killed Terence
  3084 | D:3      | Reached XP level 6. HP: 43/48 MP: 6/6
  3230 | D:3      | Reached skill level 4 in Axes
  3641 | D:4      | Reached skill level 1 in Dodging
  3782 | D:4      | Noticed an ogre
  3790 | D:4      | Killed an ogre
  3790 | D:4      | Reached XP level 7. HP: 55/55 MP: 7/7
  3795 | D:4      | Reached skill level 5 in Axes
  4625 | D:5      | Entered Level 5 of the Dungeon
  4824 | D:5      | Found a glowing drain.
  4833 | Sewer    | Entered a sewer
  4984 | Sewer    | Reached skill level 6 in Axes
  5063 | Sewer    | Reached XP level 8. HP: 54/61 MP: 8/8
  6010 | D:5      | Reached skill level 5 in Fighting
  6069 | D:5      | Reached skill level 7 in Axes
  6293 | D:6      | Found a sand-covered staircase.
  6298 | Ossuary  | Entered an ossuary
  6869 | D:6      | Noticed Prince Ribbit
  6879 | D:6      | Killed Prince Ribbit
  6879 | D:6      | Reached skill level 8 in Axes
  6879 | D:6      | Reached XP level 9. HP: 44/69 MP: 9/9
  7525 | D:6      | Noticed Menkaure
  7536 | D:6      | Killed Menkaure
  8322 | D:7      | Reached skill level 9 in Axes
  8329 | D:7      | Reached skill level 5 in Shields
  8541 | D:7      | Reached XP level 10. HP: 64/77 MP: 10/10
  8695 | D:7      | Reached skill level 5 in Armour
  8715 | D:7      | Reached skill level 10 in Axes
  9011 | D:7      | Found a hazy altar of Hepliaklqana.
  9011 | D:7      | Found a blossoming altar of Fedhas.
  9047 | D:7      | Found a staircase to the Ecumenical Temple.
  9054 | Temple   | Entered the Ecumenical Temple
 12708 | D:8      | Noticed theAP's ghost (novice TrFi)
 12932 | D:8      | Reached skill level 11 in Axes
 13168 | D:8      | HP: 4/120 [theAP's ghost (24)]
 13171 | D:8      | Annihilated by theAP's ghost

Skill      XL: |  1  2  3  4  5  6  7  8  9 10 |
---------------+-------------------------------+-----
Axes           | 3 4 6 8 9 11 | 11.0
Fighting       | 4 5 6 7 |  7.7
Dodging        | 1 2 3 |  3.3
Shields        | 4 5 |  5.3
Armour         | 4 5 |  5.5
Stealth        | |  0.4
Evocations     | |  0.2

Action                   |  1- 3 |  4- 6 |  7- 9 | 10-12 || total
-------------------------+-------+-------+-------+-------++-------
Melee: War axe           |    87 |   202 |   443 |   450 ||  1182
 Abil: Evoke Berserk Rag |       |     1 |     6 |     5 ||    12
  Use: Scroll            |       |     3 |     6 |     3 ||    12
       Potion            |       |     1 |     1 |       ||     2
  Eat: Chunk             |     2 |     8 |    16 |    13 ||    39
       Royal jelly       |       |       |     2 |       ||     2
       Pizza             |       |       |     1 |     1 ||     2
       Beef jerky        |       |       |     2 |     3 ||     5
       Fruit             |       |       |       |     1 ||     1
Armor: Scale mail        |    29 |    77 |   169 |   122 ||   397
       Skin              |       |    26 |       |       ||    26
Dodge: Dodged            |    22 |    64 |   127 |   118 ||   331
Block: Shield            |    44 |   115 |   207 |   191 ||   557
